 Dungeon Sprint DCSS version 0.27.1-33-g824d729ab1 (webtiles) character file.

Game seed: 15827127132185420486

49623 manyhoops the Heavyweight Champion (level 14, -56/172 HPs)
             Began as a Troll Berserker on Nov 29, 2021.
             Was the Champion of Trog.
             Annihilated by a seraph (62 damage)
             ... in the Dungeon (Sprint I: "Red Sonja").
             The game lasted 00:21:06 (4748 turns).

manyhoops the Heavyweight Champion (TrBe)           Turns: 4748, Time: 00:21:07

Health: -56/172    AC: 12    Str: 38    XL:     14   Next: 16%
Magic:  0/13       EV: 12    Int:  3    God:    Trog [******]
Gold:   87         SH:  5    Dex:  9    Spells: 13/13 levels left

rFire    + + .     SeeInvis .     - Unarmed
rCold    + . .     Faith    .   (no shield)
rNeg     + . .     Spirit   +   B - +2 robe {rF+}
rPois    +         Reflect  +   z - +2 hat of the Bear Spirit {Spirit, +Rage rN+ Will++}
rElec    .         Harm     .   C - scarf {rC+ rF+}
rCorr    .         Rampage  .   (gloves unavailable)
Will     +++..     Rnd*Rage +   (boots unavailable) Stlth +.........NoTele +
                                l - amulet "Tilucler" {Reflect rPois Dex+2 SH+5}
HPRegen  1.38/turn              c - +4 ring of protection
MPRegen  0.13/turn              m - +6 ring of strength

@: on berserk cooldown, slowed, glowing, very slow
A: large, unfitting armour, claws 3, regeneration 1, shaggy fur 1, tough skin 1,
berserk 1, clumsy 1
0: Orb of Zot
a: Renounce Religion, Evoke Berserk Rage, Berserk, Trog's Hand, Brothers in Arms


You were in the Dungeon.
You worshipped Trog.
Trog was exalted by your worship.
You visited 1 branch You collected 6204 gold pieces.
You spent 6117 gold pieces at shops.

Inventory:

Hand Weapons
 r - a +3 lajatang of flaming
Armour
 o - a +2 robe of positive energy
 p - a +2 cloak
 x - a +1 troll leather armour
 z - the +2 hat of the Bear Spirit (worn) {Spirit, +Rage rN+ Will++}
   (You bought it in a shop in the Dungeon)

   rN:        It protects you from negative energy.
   +Rage:     It lets you go berserk.
   Will:      It greatly increases your willpower.
 A - a +2 robe of positive energy
 B - a +2 robe of fire resistance (worn)
 C - a scarf of resistance (worn)
Jewellery
 c - a +4 ring of protection (left claw)
 l - the amulet "Tilucler" (around neck) {Reflect rPois Dex+2 SH+5}
   (You acquired it in the Dungeon)

   [amulet of reflection]

   It reflects blocked missile attacks.
   Dex:       It affects your dexterity (+2).
   rPois:     It protects you from poison.
   SH:        It affects your SH (+5).
 m - a +6 ring of strength (right claw)
Wands
 d - a wand of acid (9)
Scrolls
 a - a scroll of immolation
 k - a scroll of brand weapon
 n - a scroll of summoning
 s - a scroll of magic mapping
 t - 2 scrolls of fog
 v - a scroll of amnesia
 y - a scroll of identify
Potions
 b - 4 potions of curing
 e - 2 potions of magic
 f - 2 potions of berserk rage
 h - a potion of might
 i - 2 potions of mutation
 j - 2 potions of flight
 q - a potion of heal wounds
 u - a potion of degeneration


   Skills:
 + Level 19.0 Fighting
 - Level 11.1 Dodging
 O Level 27 Unarmed Combat


You had 13 spell levels left.
You didn't know any spells.
Your spell library was empty.

Dungeon Overview and Level Annotations

Branches:
Dungeon (1/1)

Altars:
Cheibriados
Dithmenos
Elyvilon
Fedhas
Gozag
Hepliaklqana
Kikubaaqudgha
Makhleb
Nemelex Xobeh
Okawaru
Qazlal
Ru
Sif Muna
Trog
Uskayaw
Vehumet
Wu Jian
Xom
Yredelemnul
Zin
The Shining One
Jiyva
Lugonu

Shops:
D [[***?[(??*[[?[**(([*!

Annotations:
D Lom Lobon, Tiamat


Innate Abilities, Weirdness & Mutations

You are too large for most types of armour.
You have claws for hands.
Your natural rate of healing is unusually fast.
You are covered in fur. (AC +1)
You have tough skin. (AC +1)
You tend to lose your temper in combat.
You are clumsy. (Dex -2)


Message History

The angel is severely wounded.
Unknown command.
You scratch the angel but do no damage.
The angel is severely wounded.
The angel gestures.
The angel is healed somewhat.
Unknown command.
You miss the angel. Your claw misses the angel.
The angel is severely wounded.
You are no longer berserk.
You are exhausted.
You feel yourself slow down.
The daeva hits you with a +3 scimitar of holy wrath!
The daeva closely misses you.
The cherub sings a powerful hymn!
The cherub goes into a battle-frenzy!
You miss the angel. Your claw misses the angel.
The angel is severely wounded.
The seraph shouts a warning to its allies!
The angel hits you with a +2 whip of holy wrath!
The angel hits you with a +2 whip of holy wrath.
You hear a chilling moan.
Unknown command.
Unknown command.
Your stone giant goes berserk!
You block the daeva's attack.
The daeva hits you with a +3 scimitar of holy wrath!
The daeva hits you with a +3 scimitar of holy wrath!!
The daeva hits you with a +3 scimitar of holy wrath!
The seraph hits you with a +5 great sword of flaming!!!
* * * LOW HITPOINT WARNING * * *
The seraph burns you.
* * * LOW HITPOINT WARNING * * *
The seraph hits you with a +5 great sword of flaming!!
* * * LOW HITPOINT WARNING * * *
The seraph burns you.
* * * LOW HITPOINT WARNING * * *
Okay, then.
The seraph hits you with a +5 great sword of flaming!!!
You die...

###################
#<@#A)AA.#..'..#__#
#.CAAA#).'[.#..'..'
#).#####'#####'#__#
#))####..#...#(####
#..#__####..##.#≈§§
#..#_____##'#§.'§≈§
#⌠⌠#_.∩...'..)_#≈≈≈
####_..__##_.#'##§#
#_____###'#.#§§§


You could see a seraph (strong, ally target), 2 angels and a friendly stone
giant (summoned, berserk).

Vanquished Creatures
  A golden dragon (D)
  An Ice Fiend (D)
  4 Orb Guardians (D)
  A shadow dragon (D)
  4 fire giants (D)
  A balrug (D)
  An angel (D)
  A deep elf annihilator (D)
  A lorocyproca (D)
  A mummy priest (D)
  2 blizzard demons (D)
  A green death (D)
  2 hell beasts (D)
  A rakshasa (D)
  2 centaur warriors (D)
  A sun demon (D)
  Sonja (D)
  A sixfirhy (D)
  A cherub (D)
  A glowing orange brain (D)
  A lindwurm (D)
  A deep troll (D)
  2 shining eyes (D)
  2 oklob plants (D)
  2 merfolk sirens (D)
  A gargoyle (D)
  2 hellions (D)
  7 unseen horrors (D)
  4 demonic crawlers (D)
  2 kobold demonologists (D)
  A hellwing (D)
  4 red devils (D)
  5 hornets (D)
  A slime creature (D)
  2 redbacks (D)
  Sigmund (D)
  A yak (D)
  A ynoxinul (D)
  13 hogs (D)
  5 golden eyes (D)
  2 chaos spawn (D)
  2 floating eyes (D)
  7 necrophages (D)
  An ogre (D)
  8 jellies (D)
  Ijyb (D)
  A kobold (D)
109 creatures vanquished.

Vanquished Creatures (collateral kills)
  A hydra (D)
  6 shining eyes (D)
  5 floating eyes (D)
12 creatures vanquished.

Vanquished Creatures (others)
  A pandemonium lord (D)
  A gelid demonspawn (D)
  A gargoyle (D)
  A smoke demon (D)
  A hellwing (D)
  A ynoxinul (D)
  2 large abominations (D)
  2 ballistomycete spores (D)
10 creatures vanquished.

Grand Total: 131 creatures vanquished

Notes
Turn   | Place    | Note
-------+----------+-------------------------------------------
     0 | D        | manyhoops the Troll Berserker began the quest for the Orb.
     0 | D        | Reached XP level 1. HP: 22/22 MP: 0/0
     1 | D        | Noticed Ijyb
    33 | D        | Killed Ijyb
    34 | D        | Reached skill level 5 in Unarmed Combat
    34 | D        | Reached XP level 2. HP: 20/32 MP: 1/1
    52 | D        | Noticed an ogre
    55 | D        | Killed an ogre
    56 | D        | Reached skill level 5 in Fighting
    56 | D        | Reached skill level 7 in Unarmed Combat
    56 | D        | Reached XP level 3. HP: 44/44 MP: 2/2
    56 | D        | Reached XP level 4. HP: 52/52 MP: 3/3
   106 | D        | Noticed Sigmund
   110 | D        | Killed Sigmund
   110 | D        | Reached ** piety under Trog
   111 | D        | Reached skill level 9 in Unarmed Combat
   111 | D        | Reached XP level 5. HP: 62/62 MP: 4/4
   163 | D        | Found an ornate altar of the Wu Jian Council.
   163 | D        | Found a shimmering blue altar of Sif Muna.
   165 | D        | Found a radiant altar of Vehumet.
   169 | D        | Reached XP level 6. HP: 72/72 MP: 5/5
   208 | D        | Found Roaly's Assorted Antiques.
   208 | D        | Found an ancient bone altar of Kikubaaqudgha.
   208 | D        | Found a hazy altar of Hepliaklqana.
   208 | D        | Found a stormy altar of Qazlal.
   208 | D        | Found a hide-covered altar of Uskayaw.
   208 | D        | Found a blossoming altar of Fedhas.
   208 | D        | Found a bloodstained altar of Trog.
   208 | D        | Found an iron altar of Okawaru.
   208 | D        | Found a basalt altar of Yredelemnul.
   208 | D        | Found a glowing golden altar of the Shining One.
   208 | D        | Found a snail-covered altar of Cheibriados.
   208 | D        | Found a sacrificial altar of Ru.
   208 | D        | Found a glowing silver altar of Zin.
   208 | D        | Found a shadowy altar of Dithmenos.
   208 | D        | Found a white marble altar of Elyvilon.
   208 | D        | Noticed a yak
   212 | D        | Killed a yak
   213 | D        | Reached skill level 10 in Unarmed Combat
   213 | D        | Found an opulent altar of Gozag.
   214 | D        | Found a sparkling altar of Nemelex Xobeh.
   218 | D        | Bought a silver ring for 155 gold pieces
   218 | D        | Bought a purple potion for 27 gold pieces
   218 | D        | Bought a sedimented cyan potion for 27 gold pieces
   277 | D        | Found a viscous altar of Jiyva.
   277 | D        | Found a corrupted altar of Lugonu.
   277 | D        | Noticed a slime creature
   278 | D        | Found a burning altar of Makhleb.
   278 | D        | Found a shimmering altar of Xom.
   285 | D        | Killed a slime creature
   285 | D        | Reached *** piety under Trog
   286 | D        | Reached skill level 11 in Unarmed Combat
   286 | D        | Reached XP level 7. HP: 83/83 MP: 6/6
   352 | D        | Noticed a kobold demonologist
   353 | D        | Noticed a kobold demonologist
   355 | D        | Reached skill level 12 in Unarmed Combat
   357 | D        | Killed a kobold demonologist
   358 | D        | Reached skill level 10 in Fighting
   358 | D        | Killed a kobold demonologist
   358 | D        | Reached **** piety under Trog
   359 | D        | Reached skill level 13 in Unarmed Combat
   359 | D        | Reached XP level 8. HP: 94/94 MP: 7/7
   414 | D        | Noticed a centaur warrior
   416 | D        | Noticed a centaur warrior
   443 | D        | Killed a centaur warrior
   444 | D        | Reached skill level 14 in Unarmed Combat
   448 | D        | Killed a centaur warrior
   449 | D        | Reached skill level 15 in Unarmed Combat
   449 | D        | Reached XP level 9. HP: 99/106 MP: 8/8
   494 | D        | Paralysed by a hornet for 3 turns
   499 | D        | Reached skill level 16 in Unarmed Combat
   534 | D        | Noticed an oklob plant
   538 | D        | Killed an oklob plant
   578 | D        | Reached ***** piety under Trog
   632 | D        | Paralysed by a floating eye for 4 turns
   670 | D        | Reached skill level 17 in Unarmed Combat
   672 | D        | Received a gift from Trog
   680 | D        | Reached XP level 10. HP: 103/117 MP: 9/9
   692 | D        | Reached ****** piety under Trog
   692 | D        | Received a gift from Trog
   728 | D        | Found Japh's Antique Weapon Shoppe.
   728 | D        | Found Zuracs's Armour Shop.
   728 | D        | Found Puburgh's Magic Scroll Boutique.
   730 | D        | Found Eduav's Magic Scroll Emporium.
   730 | D        | Found Ucuher's Assorted Antiques.
   730 | D        | Found Magaoch's Armour Shoppe.
   730 | D        | Found Tautimur's Antique Armour Boutique.
   730 | D        | Found Nisyanal's Magic Scroll Emporium.
   730 | D        | Found Luuwkan's Armour Shop.
   730 | D        | Found Darulu's Assorted Antiques.
   734 | D        | Found Zoasyin's Assorted Antiques.
   735 | D        | Found Putz's Antique Weapon Emporium.
   735 | D        | Found Xouruexkill's Weapon Boutique.
   736 | D        | Found Zuett's Assorted Antiques.
   740 | D        | Bought a +0 cloak for 54 gold pieces
   741 | D        | Bought a potion of heal wounds for 120 gold pieces
   749 | D        | Bought a scroll of enchant armour for 105 gold pieces
   749 | D        | Bought a scroll of identify for 28 gold pieces
   749 | D        | Bought a scroll of blinking for 105 gold pieces
   749 | D        | Bought a scroll of magic mapping for 49 gold pieces
   749 | D        | Bought a scroll of blinking for 105 gold pieces
   758 | D        | Bought a scroll labelled YHUSUKKITA for 29 gold pieces
   758 | D        | Bought a scroll labelled FYIRUYTILISK for 29 gold pieces
   758 | D        | Bought a smoky grey potion for 26 gold pieces
   758 | D        | Bought a bubbling red potion for 26 gold pieces
   758 | D        | Bought a scroll labelled MUHULIQ CILAUL for 29 gold pieces
   758 | D        | Bought a scroll labelled PAYXTE CAGH for 29 gold pieces
   758 | D        | Bought a scroll labelled YHUSUKKITA for 29 gold pieces
   758 | D        | Bought a scroll of identify for 58 gold pieces
   758 | D        | Bought a scroll of identify for 58 gold pieces
   758 | D        | Bought a scroll of identify for 58 gold pieces
   759 | D        | Bought a scroll of enchant armour for 75 gold pieces
   767 | D        | Acquired 944 gold pieces
   771 | D        | Bought a scroll of identify for 20 gold pieces
   771 | D        | Bought a scroll of identify for 20 gold pieces
   771 | D        | Bought a scroll of identify for 20 gold pieces
   771 | D        | Bought 2 scrolls of fog for 40 gold pieces
   772 | D        | Bought a scroll of enchant armour for 97 gold pieces
   772 | D        | Bought a scroll of enchant armour for 97 gold pieces
   782 | D        | Bought a scroll of acquirement for 728 gold pieces
   782 | D        | Acquired the amulet "Tilucler" {Reflect rPois Dex+2 SH+5}
   794 | D        | Bought a scroll of identify for 26 gold pieces
   842 | D        | Reached skill level 18 in Unarmed Combat
   904 | D        | Noticed a deep troll
   908 | D        | Killed a deep troll
   931 | D        | Found Ecurif's Armour Emporium.
   944 | D        | Noticed Sonja
   948 | D        | Killed Sonja
   948 | D        | Received a gift from Trog
   999 | D        | Found Misio's Antique Armour Boutique.
  1044 | D        | Reached skill level 19 in Unarmed Combat
  1095 | D        | Noticed a gargoyle
  1102 | D        | Killed a gargoyle
  1112 | D        | Noticed a lindwurm
  1117 | D        | Killed a lindwurm
  1117 | D        | Received a gift from Trog
  1129 | D        | Reached XP level 11. HP: 127/127 MP: 10/10
  1132 | D        | Reached skill level 20 in Unarmed Combat
  1142 | D        | Received a gift from Trog
  1159 | D        | Noticed a daeva
  1165 | D        | Received a gift from Trog
  1169 | D        | Reached skill level 21 in Unarmed Combat
  1212 | D        | Identified the +0 helmet of Dudduew {Rampage rElec rC-
                  | Int+6}
  1304 | D        | Noticed a 12-headed hydra
  1310 | D        | Killed a ten-headed hydra
  1396 | D        | Noticed a shadow dragon
  1401 | D        | Noticed a golden dragon
  1404 | D        | Killed a golden dragon
  1405 | D        | Reached skill level 22 in Unarmed Combat
  1408 | D        | Killed a shadow dragon
  1409 | D        | Reached skill level 23 in Unarmed Combat
  1409 | D        | Reached XP level 12. HP: 139/139 MP: 11/11
  1411 | D        | Identified the +6 quarterstaff "Nownel" {chaos, rN+ Str+8
                  | Stlth-}
  1412 | D        | Identified the +10 war axe "Xuoppana" {drain, *Noise rElec
                  | MP-9 SInv}
  1463 | D        | Found Tuytuipe's Distillery.
  1480 | D        | Bought a potion of flight for 42 gold pieces
  1480 | D        | Bought a potion of mutation for 112 gold pieces
  1480 | D        | Bought a potion of curing for 42 gold pieces
  1480 | D        | Bought a potion of heal wounds for 70 gold pieces
  1551 | D        | Bought the +2 hat of the Bear Spirit {Spirit, +Rage rN+
                  | Will++} for 782 gold pieces
  1551 | D        | Found the +2 hat of the Bear Spirit {Spirit, +Rage rN+
                  | Will++}
  1551 | D        | Bought a glowing robe for 74 gold pieces
  1551 | D        | Bought a glowing robe for 74 gold pieces
  1584 | D        | Paralysed by a floating eye for 4 turns
  1595 | D        | Gained mutation: You tend to lose your temper in combat. [a
                  | shining eye]
  1595 | D        | Gained mutation: You are clumsy. (Dex -2) [a shining eye]
  1597 | D        | Received a gift from Trog
  1631 | D        | Found Cust's Assorted Antiques.
  1631 | D        | Found Qutuc's Armour Shoppe.
  1631 | D        | Found Okhlef's Magic Scroll Boutique.
  1631 | D        | Found Yduasu's General Store.
  1647 | D        | Bought a scarf of resistance for 416 gold pieces
  1731 | D        | Killed a lorocyproca
  1732 | D        | Reached skill level 24 in Unarmed Combat
  1968 | D        | Bought a scroll of acquirement for 624 gold pieces
  1968 | D        | Acquired 597 gold pieces
  1974 | D        | Bought a scroll of acquirement for 1508 gold pieces
  1974 | D        | Acquired a manual of Dodging
  2039 | D        | Noticed a fire giant
  2050 | D        | Killed a fire giant
  2062 | D        | Noticed a fire giant
  2067 | D        | Killed a fire giant
  2068 | D        | Reached skill level 10 in Dodging
  2107 | D        | Noticed a fire giant
  2117 | D        | Killed a fire giant
  2124 | D        | Noticed a fire giant
  2131 | D        | Killed a fire giant
  2131 | D        | Identified the +5 giant spiked club "Maporuc" {vorpal, rF-
                  | Will++ rCorr SInv} (Trog gifted it to you in the Dungeon)
  2131 | D        | Received a gift from Trog
  2191 | D        | Noticed a deep elf annihilator
  2221 | D        | Identified the +9 quarterstaff of Departure {vorpal, rElec
                  | Int-3 Dex+2} (Trog gifted it to you in the Dungeon)
  2221 | D        | Received a gift from Trog
  2282 | D        | Killed a deep elf annihilator
  2291 | D        | Noticed a mummy priest
  2297 | D        | Killed a mummy priest
  2298 | D        | Reached skill level 25 in Unarmed Combat
  2298 | D        | Reached XP level 13. HP: 148/148 MP: 12/12
  2397 | D        | Noticed Lom Lobon
  2403 | D        | Found the +4 dragonskin cloak
  2403 | D        | Noticed Tiamat
  2405 | D        | Got the Orb of Zot
  2580 | D        | Bought an ivory wand for 104 gold pieces
  2623 | D        | Noticed a green death
  2629 | D        | Killed a green death
  2629 | D        | Received a gift from Trog
  2667 | D        | Reached skill level 15 in Fighting
  3080 | D        | Noticed a blizzard demon
  3082 | D        | Killed a blizzard demon
  3126 | D        | Received a gift from Trog
  3134 | D        | Noticed a balrug
  3141 | D        | Killed a balrug
  3162 | D        | Received a gift from Trog
  3184 | D        | Noticed Feoges the pandemonium lord
  3184 | D        | Noticed an Ice Fiend
  3189 | D        | Killed an Ice Fiend
  3196 | D        | Killed Feoges the pandemonium lord
  3923 | D        | Received a gift from Trog
  4072 | D        | Noticed an Orb Guardian
  4076 | D        | Killed an Orb Guardian
  4142 | D        | Noticed an Orb Guardian
  4148 | D        | Killed an Orb Guardian
  4149 | D        | Reached skill level 26 in Unarmed Combat
  4378 | D        | Noticed an Orb Guardian
  4382 | D        | Killed an Orb Guardian
  4452 | D        | Noticed a blizzard demon
  4454 | D        | Killed a blizzard demon
  4455 | D        | Reached XP level 14. HP: 169/169 MP: 13/13
  4503 | D        | Received a gift from Trog
  4504 | D        | Reached skill level 27 in Unarmed Combat
  4725 | D        | Noticed an angel
  4733 | D        | Killed an angel
  4734 | D        | Noticed an Orb Guardian
  4734 | D        | Noticed a seraph
  4737 | D        | Noticed a daeva
  4737 | D        | Noticed an angel
  4738 | D        | Noticed an angel
  4740 | D        | Killed an Orb Guardian
  4747 | D        | HP: 7/172 [seraph (19)]
  4748 | D        | Annihilated by a seraph

Illustrated notes

Levels and vault maps discovered:
D:        dungeon_sprint_1 [red_sonja_temple_1, red_sonja_temple_small_1]

Skill      XL: |  1  2  3  4  5  6  7  8  9 10 11 12 13 14 |
---------------+-------------------------------------------+-----
Fighting       | 4 5 7 9 10 11 12 13 14 18 19 | 19.0
Unarmed Combat | 5 7 9 11 13 15 17 19 23 25 26 27 | 27.0
Dodging        | 11 | 11.1

Action                   |  1- 3 |  4- 6 |  7- 9 | 10-12 | 13-15 || total
-------------------------+-------+-------+-------+-------+-------++-------
Melee: Unarmed           |    31 |    13 |    37 |   126 |    83 ||   290
       Punch             |       |       |     4 |    20 |    14 ||    38
       Lajatang          |       |       |       |     2 |       ||     2
Invok: Berserk           |     2 |     4 |     5 |     9 |     5 ||    25
       Trog's Hand       |       |       |     1 |     3 |     2 ||     6
       Brothers in Arms  |       |       |       |     7 |     3 ||    10
  Use: Potion            |     1 |       |     1 |     1 |     5 ||     8
       Scroll            |       |       |       |    18 |     4 ||    22
Armor: Animal skin       |       |       |     6 |     4 |       ||    10
       Troll leather arm |       |       |       |    73 |       ||    73
       Robe              |       |       |       |    15 |    13 ||    28
Dodge: Dodged            |     9 |     3 |     7 |    34 |    19 ||    72
Block: Other             |       |       |       |    18 |     6 ||    24
       Reflection        |       |       |       |     1 |       ||     1
